 Dungeon Crawl Stone Soup version 0.26-a0-846-gcc8f1ee719 (webtiles) character file.

Game seed: 11330764860351396978

11267 snetch the Cleaver (level 11, -8/101 HPs)
             Began as a Minotaur Berserker on Nov 18, 2020.
             Was the Champion of Trog.
             Killed from afar by an oklob plant (12 damage)
             ... with a splash of acid
             ... on level 11 of the Dungeon on Nov 19, 2020.
             The game lasted 00:55:39 (11074 turns).

snetch the Cleaver (Minotaur Berserker)            Turns: 11074, Time: 00:55:39

Health: -8/101     AC:  0    Str: 24    XL:     11   Next: 47%
Magic:  10/10      EV: 12    Int:  4    God:    Trog [******]
Gold:   707        SH:  0    Dex: 11    Spells: 10/10 levels left

rFire    + + .     SeeInvis .   a - +3 battleaxe (freeze) (curse)
rCold    . . .     Faith    .   (shield currently unavailable)
rNeg     . . .     Spirit   .   T - +0 fire dragon scales
rPois    .         Reflect  .   (helmet restricted)
rElec    .         Harm     .   W - scarf {+Inv}
rCorr    .         Rampage  .   (no gloves)
MR       +....                  (no boots)
Stlth    ..........             I - amulet of regeneration
HPRegen  0.66/turn              y - ring of protection from magic
MPRegen  0.12/turn              A - ring of protection from cold

@: corroded, slowed, lost intelligence, very slow
A: retaliatory headbutt, horns 2
a: Berserk, Trog's Hand, Brothers in Arms, Renounce Religion, Evoke Invisibility


You were on level 11 of the Dungeon.
You worshipped Trog.
Trog was exalted by your worship.
You visited 2 branches of the dungeon, and saw 13 of its levels.
You visited 1 bazaar.
You also visited: Sewer and Ossuary.

You collected 899 gold pieces.
You spent 192 gold pieces at shops.

Inventory:

Hand Weapons
 a - a cursed +3 battleaxe of freezing (weapon)
 b - a +4 lajatang
 c - a +1 battleaxe of flaming
 w - a +3 trident
 z - a +3 flail
 N - a +4 hand axe
Missiles
 e - 58 sling bullets
 m - 98 bolts
 o - 45 poisoned darts (quivered)
 p - 3 throwing nets
 q - 136 arrows
 u - 30 boomerangs
 F - 4 javelins
 G - 346 stones
 H - 2 curare-tipped darts
 U - 5 silver javelins
Armour
 T - +0 fire dragon scales (worn)
 W - a scarf of invisibility (worn)
 Y - +0 swamp dragon scales
Jewellery
 y - a ring of protection from magic (left hand)
 A - a ring of protection from cold (right hand)
 I - an amulet of regeneration (around neck)
 Q - the ring of Moderation {EV+4 Str+2 Int-4 Stlth+}
   (You found it on level 11 of the Dungeon)

   [ring of evasion]

   It affects your evasion (+4).
   It affects your strength (+2).
   It affects your intelligence (-4).
   It makes you more stealthy.
Wands
 d - a wand of acid (8)
 g - a wand of flame (34)
 j - a wand of enslavement (4)
 K - a wand of iceblast (4)
 X - a wand of paralysis (14)
Scrolls
 h - a scroll of summoning
 i - 3 scrolls of enchant weapon {unknown}
 l - 2 scrolls of immolation
 s - 8 scrolls of remove curse
 t - 5 scrolls of teleportation {unknown}
 C - a scroll of fear {unknown}
 D - a scroll of noise {unknown}
 E - 3 scrolls of blinking
 J - 2 scrolls of magic mapping {unknown}
 M - a scroll of vulnerability {unknown}
 R - a scroll of holy word {unknown}
 V - a scroll of enchant armour
Potions
 f - 10 potions of curing {unknown}
 k - 6 potions of heal wounds {unknown}
 n - 4 potions of haste
 r - 6 potions of attraction {unknown}
 v - 8 potions of flight {unknown}
 x - 3 potions of mutation
 B - 2 potions of might
 O - a potion of resistance
 S - a potion of cancellation
 Z - a potion of lignification {unknown}
Miscellaneous
 L - a phial of floods
 P - a phial of floods


   Skills:
 + Level 10.4 Fighting
 + Level 11.0(12.5) Axes
 + Level 10.4(12.4) Polearms
 + Level 3.2(7.4) Staves
 + Level 2.5 Throwing
 + Level 10.2 Armour
 + Level 5.9 Dodging
 + Level 1.7 Stealth


You had 10 spell levels left.
You didn't know any spells.
Your spell library contained the following spells:

 Spells                   Type           Power        Failure   Level
 Animate Skeleton         Necr           #.....       80%         1
 Apportation              Tloc           #.....       80%         1
 Beastly Appendage        Tmut           #.....       80%         1
 Corona                   Hex            #......      80%         1
 Summon Small Mammal      Summ           #...         80%         1
 Poisonous Vapours        Pois/Air       #.....       91%         2
 Wereblood                Tmut           #.......     91%         2
 Conjure Flame            Conj/Fire      #.......     99%         3
 Mephitic Cloud           Conj/Pois/Air  #.......     99%         3
 Spider Form              Tmut/Pois      #.........   99%         3
 Ice Form                 Ice/Tmut       #.......     100%        4
 Blade Hands              Tmut           #.........   100%        5
 Freezing Cloud           Conj/Ice/Air   #.........   100%        6
 Haunt                    Necr/Summ      #.........   100%        7
 Borgnjor's Revivificati  Necr           #.........   100%        8
 Infestation              Necr           #.........   100%        8
 Necromutation            Tmut/Necr      #.........   100%        8
 Death's Door             Necr           #.........   100%        9


Dungeon Overview and Level Annotations

Branches:
Dungeon (12/15)            Temple (1/1) D:6            Lair (0/6) D:11
    Orc (0/2) D:9           Sewer (visited)         Ossuary (visited)

Altars:
Ashenzari
Cheibriados
Dithmenos
Elyvilon
Fedhas
Gozag
Hepliaklqana
Kikubaaqudgha
Makhleb
Nemelex Xobeh
Okawaru
Qazlal
Ru
Sif Muna
Trog
Uskayaw
Vehumet
Wu Jian
Xom
Yredelemnul
Zin
The Shining One

Shops:
D:11 :   D:12 =

Annotations:
D:3 water
D:9 xom behind glass
D:11 exclusion: oklob plant


Innate Abilities, Weirdness & Mutations

You reflexively headbutt those who attack you in melee.
You have a pair of horns on your head.


Message History

You headbutt the oklob plant!
The oklob plant is moderately damaged.
The oklob plant spits acid at you. The splash of acid hits you!
You are splashed with acid!
* * * LOW HITPOINT WARNING * * *
You slash the oklob plant! You freeze the oklob plant.
The oklob plant is severely damaged.
You hit the oklob plant but do no damage.
The oklob plant is severely damaged.
The oklob plant spits acid at you. The splash of acid hits you!
* * * LOW HITPOINT WARNING * * *
The acid corrodes you!
You are splashed with acid!
* * * LOW HITPOINT WARNING * * *
You hit the oklob plant. You freeze the oklob plant.
You headbutt the oklob plant.
The oklob plant is severely damaged.
The oklob plant spits acid at you. The splash of acid hits you!
You die...

##.###[.....## #.# #.#
##<...#...≈.. #..# #.# #.#
##.....#...# ... #.# #.#
#....##PPP##...# #.# #.#
#..#..PPPPP..#.# #.# #.#
#..#≈..P>P..≈#.## #.# ##.##
##.#...PPP...#..###.# ....##
#...##P.P##.......<#
#..#.####....#..@#....######
#..........#...≈..[#..#########
#..#.####...#######...........#
....## # #.......########.#
...## ###...### #.# .### ......
#.# .# ##.### #.# .# #.
######.# .# # #......#


You could see an oklob plant.

Vanquished Creatures
  A fire dragon (D:10)
  Harold (D:7)
  Fannar (D:10)
  Maggie (D:8)
  2 trolls
  A wraith (D:12)
  3 wyverns
  Menkaure (D:4)
  A water moccasin (D:10)
  Duvessa (D:4)
  7 orc warriors
  4 sky beasts
  5 ice beasts
  3 phantoms
  5 ogres
  A necrophage (D:5)
  2 centaurs
  3 big kobolds
  6 bullfrogs
  Dowan (D:4)
  A wyvern skeleton (D:9)
  2 scorpions
  5 water moccasin zombies (Ossuary)
  8 killer bees
  26 wights
  3 electric eels (D:5)
  4 howler monkeys
  A centaur zombie (D:12)
  5 bullfrog zombies
  A centaur skeleton (D:7)
  5 jellies
  2 bullfrog skeletons
  10 orc priests
  8 hounds
  19 orc wizards
  4 iguanas
  5 worker ants
  5 big kobold zombies (Ossuary)
  A hound zombie (D:6)
  A hound skeleton (D:7)
  2 mummies (Ossuary)
  A howler monkey zombie (D:9)
  4 gnolls (D:4)
  2 worker ant zombies
  14 adders
  A shadow imp (D:6)
  2 white imps (D:10)
  An ooze (D:7)
  3 ufetubi
  An adder zombie (Ossuary)
  An adder skeleton (D:6)
  7 worms
  3 dart slugs (D:1)
  4 leopard geckos
  77 orcs
  7 bats
  6 giant cockroaches
  2 gnoll zombies (Ossuary)
  12 goblins
  7 hobgoblins
  13 jackals
  25 kobolds
  3 quokkas
  2 ball pythons (D:6)
  A ball python zombie (D:5)
  9 frilled lizards
  4 hobgoblin zombies (Ossuary)
  7 kobold zombies (Ossuary)
  9 orc zombies (Ossuary)
  A quokka skeleton (D:5)
  8 rats
405 creatures vanquished.

Vanquished Creatures (others)
  An ugly thing (D:12)
  2 orcs (D:12)
  2 plants (D:5)
5 creatures vanquished.

Grand Total: 410 creatures vanquished

Notes
Turn   | Place    | Note
-------+----------+-------------------------------------------
     0 | D:1      | snetch the Minotaur Berserker began the quest for the Orb.
     0 | D:1      | Reached XP level 1. HP: 19/19 MP: 0/0
    68 | D:1      | Reached skill level 4 in Axes
    68 | D:1      | Reached XP level 2. HP: 16/27 MP: 1/1
   445 | D:4      | Noticed Menkaure
   450 | D:4      | Killed Menkaure
   451 | D:4      | Reached skill level 5 in Fighting
   451 | D:4      | Reached skill level 5 in Axes
   451 | D:4      | Reached XP level 3. HP: 32/36 MP: 2/2
   451 | D:4      | Reached XP level 4. HP: 38/42 MP: 3/3
   451 | D:4      | Reached XP level 5. HP: 43/48 MP: 4/4
   459 | D:4      | Reached ** piety under Trog
   806 | D:5      | Entered Level 5 of the Dungeon
  1225 | D:2      | Noticed a centaur
  1232 | D:2      | Killed a centaur
  1233 | D:2      | Reached XP level 6. HP: 44/57 MP: 5/5
  1640 | D:2      | Reached skill level 6 in Axes
  2183 | D:4      | Reached *** piety under Trog
  2453 | D:3      | Found a blossoming altar of Fedhas.
  2855 | D:4      | Noticed Dowan
  2857 | D:4      | Noticed Duvessa
  2875 | D:4      | Killed Duvessa
  2876 | D:4      | Reached skill level 1 in Throwing
  2876 | D:4      | Reached XP level 7. HP: 28/63 MP: 6/6
  2878 | D:4      | Killed Dowan
  3516 | D:6      | Reached skill level 1 in Stealth
  3534 | D:6      | Reached skill level 5 in Armour
  3551 | D:6      | Found a glowing drain.
  3580 | D:6      | Reached skill level 1 in Polearms
  3620 | Sewer    | Entered a sewer
  3704 | Sewer    | Found a white marble altar of Elyvilon.
  3905 | D:6      | Found a staircase to the Ecumenical Temple.
  3922 | D:6      | Reached XP level 8. HP: 49/71 MP: 7/7
  3941 | D:6      | Reached **** piety under Trog
  3958 | D:6      | Found a burning altar of Makhleb.
  3981 | D:6      | Found a glowing golden altar of the Shining One.
  3983 | D:6      | Noticed an angel
  3990 | D:6      | Found a basalt altar of Yredelemnul.
  3992 | D:6      | Noticed a profane servitor
  4063 | D:6      | Found a sand-covered staircase.
  4067 | Ossuary  | Entered an ossuary
  4134 | Ossuary  | Reached skill level 5 in Polearms
  5097 | D:5      | Reached XP level 9. HP: 65/79 MP: 8/8
  5105 | Temple   | Entered the Ecumenical Temple
  5278 | D:5      | Found a transporter.
  5321 | D:5      | Found a transporter.
  5403 | D:5      | Reached ***** piety under Trog
  6292 | D:7      | Noticed Harold
  6309 | D:7      | Killed Harold
  6310 | D:7      | Reached skill level 7 in Axes
  6321 | D:6      | Found a stormy altar of Qazlal.
  6321 | D:6      | Found an ornate altar of the Wu Jian Council.
  6440 | D:6      | Found a sparkling altar of Nemelex Xobeh.
  6789 | D:7      | Found a bloodstained altar of Trog.
  6848 | D:7      | Noticed a troll
  6859 | D:7      | Killed a troll
  7035 | D:8      | Received a gift from Trog
  7036 | D:8      | Reached XP level 10. HP: 90/90 MP: 9/9
  7052 | D:8      | Reached skill level 10 in Polearms
  7134 | D:8      | HP: 3/90 [orc priest/divine providence (14)]
  7140 | D:7      | HP: 4/90 [wight/+0 long sword (2)]
  7480 | D:8      | Reached skill level 5 in Dodging
  7713 | D:7      | Reached skill level 8 in Axes
  7901 | D:8      | Noticed Maggie
  7917 | D:8      | Killed Maggie
  7988 | D:6      | Upgraded the game from 0.26-a0-844-g3dd439832f to
                  | 0.26-a0-846-gcc8f1ee719
  8014 | D:7      | Found an opulent altar of Gozag.
  8039 | D:7      | You fall into a shaft and drop 3 floors!
  8039 | D:10     | Entered Level 10 of the Dungeon
  8039 | D:10     | Noticed Fannar
  8049 | D:10     | Killed Fannar
  8050 | D:10     | Reached skill level 9 in Axes
  8050 | D:10     | Reached skill level 1 in Staves
  8175 | D:9      | Found a staircase to the Orcish Mines.
  8182 | D:9      | Reached ****** piety under Trog
  8189 | D:9      | Received a gift from Trog
  8508 | D:8      | Found an iron altar of Okawaru.
  8627 | D:8      | Found a shimmering blue altar of Sif Muna.
  8813 | D:9      | Reached skill level 10 in Armour
  8821 | D:9      | Reached XP level 11. HP: 96/99 MP: 10/10
  9050 | D:9      | Found a sparkling altar of Nemelex Xobeh.
  9083 | D:9      | Found a snail-covered altar of Cheibriados.
  9214 | D:9      | Found a shimmering altar of Xom.
  9214 | D:9      | Found a shimmering altar of Xom.
  9214 | D:9      | Found a shimmering altar of Xom.
  9214 | D:9      | Found a shimmering altar of Xom.
  9214 | D:9      | Found a shimmering altar of Xom.
  9451 | D:9      | Reached skill level 10 in Fighting
  9972 | D:10     | Noticed a fire dragon
  9985 | D:10     | Killed a fire dragon
  9986 | D:10     | Reached skill level 10 in Axes
 10365 | D:12     | Killed a white ugly thing
 10436 | D:12     | Found Vuhyhotij's Jewellery Shoppe.
 10621 | D:12     | Found a flickering gateway to a bazaar.
 10656 | Bazaar   | Entered a bazaar
 10656 | Bazaar   | Found Nenaulov's General Store.
 10656 | Bazaar   | Found Xedais's Gadget Shoppe.
 10656 | Bazaar   | Found Fagaur's Armour Emporium.
 10658 | Bazaar   | Found Luinab's Book Shoppe.
 10675 | Bazaar   | Bought a wand of acid (8) for 192 gold pieces
 10896 | D:11     | Found Ryfuorokk's Book Emporium.
 10987 | D:11     | Reached skill level 11 in Axes
 11060 | D:11     | Got a fine turquoise ring
 11062 | D:11     | Lost intelligence.
 11062 | D:11     | Identified the ring of Moderation {EV+4 Str+2 Int-4 Stlth+}
                  | (You found it on level 11 of the Dungeon)
 11067 | D:11     | Found a staircase to the Lair.
 11067 | D:11     | Noticed an oklob plant
 11073 | D:11     | HP: 3/101 [acid (11)]
 11074 | D:11     | Killed from afar by an oklob plant

Illustrated notes

Levels and vault maps discovered:
D:1:      lemuel_arrival_behind_the_door_large, layout_basic
D:2:      layout_rooms
D:3:      layout_rooms, chequers_serial_rivers_small_b, fedhas_altar_fruit_tree
D:4:      layout_loops_cross, uniq_menkaure, uniq_duvessa
D:5:      gammafunk_steamed_eel, layout_basic, nrook_mini_vaults
D:6:      layout_loops_ring, grunt_temple_overflow_holy_war, kennysheep_mini,
          nicolae_overflow_hidden_temple, minmay_temple_entry_drinking_statues,
          basic_altar, nicolae_ossuary_entry_plus, cheibrodos_sewer_entry_sluice
D:7:      layout_basic, lemuel_crystal_altar, serial_curves, eino_curves_02,
          eino_curves_03, hex_large, grunt_gozag_statues, uniq_harold
D:8:      layout_rooms, lemuel_coloured_pillars_altar,
          nicolae_overflow_crystal_walls, uniq_maggie
D:9:      layout_basic, nemelex_xobeh_ov_fountains_minmay, cheibriados_altar_1,
          xom_shifter_show, hiddenorc2_lemuel, hangedman_decor_lopped
D:10:     dragon1_lemuel, layout_gridville, uniq_fannar
D:11:     layout_loops_ring, dpeg_oklobed_lair, serial_shops, shop,
          minivault_23, hangedman_decor_push
D:12:     layout_basic, serial_shops, bzr_firewalk, shop
Temple:   chequers_temple_sunken

Skill      XL: |  1  2  3  4  5  6  7  8  9 10 11 |
---------------+----------------------------------+-----
Axes           | 4 5 6 7 9 11 | 11.0
Fighting       | 5 6 7 8 9 10 | 10.4
Armour         | 3 4 5 6 8 10 | 10.2
Dodging        | 3 4 5 |  5.9
Throwing       | 1 2 |  2.5
Stealth        | 1 |  1.7
Polearms       | 3 8 9 10 | 10.4
Staves         | 2 3 |  3.2

Action                   |  1- 3 |  4- 6 |  7- 9 | 10-12 || total
-------------------------+-------+-------+-------+-------++-------
Melee: Hand axe          |    32 |    62 |    19 |   169 ||   282
       Headbutt          |    10 |    25 |    76 |    85 ||   196
       Falchion          |       |    57 |     7 |       ||    64
       Trident           |       |       |   380 |    51 ||   431
       Lajatang          |       |       |       |    66 ||    66
       Battleaxe         |       |       |       |   146 ||   146
Throw: Dart              |       |    27 |       |     5 ||    32
Invok: Berserk           |     1 |     2 |     4 |     7 ||    14
       Trog's Hand       |       |       |       |     2 ||     2
  Use: Scroll            |       |       |    11 |     5 ||    16
Armor: Animal skin       |     3 |       |       |       ||     3
       Leather armour    |     5 |    25 |       |       ||    30
       Scale mail        |       |    15 |    67 |       ||    82
       Ring mail         |       |    10 |       |       ||    10
       Chain mail        |       |       |    48 |   114 ||   162
       Swamp dragon scal |       |       |       |    73 ||    73
       Fire dragon scale |       |       |       |    20 ||    20
Dodge: Dodged            |    27 |    95 |   155 |   254 ||   531
       Rpst.: Falchion   |       |    12 |     2 |       ||    14

Table legend: (Time is in decaauts)
 A = Elapsed time spent in this place.
 B = Non-inter-level travel time spent in this place.
 C = Inter-level travel time spent in this place.
 D = Time resting spent in this place.
 E = Time spent auto-exploring this place.
 F = Levels seen in this place.
 G = Mean time per level.
                   A        B        C        D        E       F      G
               +--------+--------+--------+--------+--------+-----+--------+
         Total |  11307 |  10623 |    684 |    711 |   5086 |  16 |  706.7 |
       Dungeon |  10515 |   9838 |    677 |    711 |   4779 |  12 |  876.2 |
        Temple |    139 |    133 |      6 |      0 |      0 |   1 |  139.0 |
        Bazaar |     28 |     28 |      0 |      0 |     12 |   1 |   28.0 |
         Sewer |    267 |    267 |      0 |      0 |     80 |   1 |  267.0 |
       Ossuary |    356 |    356 |      0 |      0 |    215 |   1 |  356.0 |
               +--------+--------+--------+--------+--------+-----+--------+

Top non-repeatable levels by time:
     D:5: 1549 daAuts
     D:4: 1278 daAuts
     D:7: 1060 daAuts
     D:9: 1009 daAuts
     D:6: 999 daAuts
    D:10: 868 daAuts
     D:1: 841 daAuts
     D:8: 782 daAuts
     D:3: 717 daAuts
     D:2: 672 daAuts
    D:12: 381 daAuts
 Ossuary: 356 daAuts
    D:11: 354 daAuts
   Sewer: 267 daAuts
  Temple: 139 daAuts
